cohdb
Replays
Latest Replays
All Replays
Popular Replays
Top Player Replays
Match Explorer
How It Works
Community
CoH3 Stats
Reddit
Sign in to upload your games and track your stats! →
Sign in with Steam
Match 39548643
Unlisted
Match 39548643
Overview
Messages
Build Orders
End
Construct Barracks
Riflemen Squad
Selects Heavy Weapons
Riflemen Squad
M1 Mortar Team
Construct Weapon Support Center
Grenade Package
M1919 Machine Gun Team
Selects M2HB .50cal Heavy Machine Gun
Infantry Support Center
Engineer Squad
Selects Assault Carriers
Construct Motor Pool
M1918 Browning Automatic Rifles
M8 Greyhound Armored Car
M1 Anti-tank Gun Team
Selects Exchangeable Parts
M3 Assault Carrier
Construct Tank Depot
Glendizzle
HamSAMwich
Nashorn101
Gaylord Thistlebottom VII
Dr. Alfred Plumville
zoomy2
0
0
Comments
sign in to comment!
No comments posted yet!